 Dungeon Crawl Stone Soup version 0.26-a0-244-g083ca260ac (webtiles) character file.

Game seed: 14740229739491898749

57390 BritishOli the Carver (level 14, -3/125 HPs)
             Began as a Demonspawn Gladiator on July 8, 2020.
             Was a High Priest of Okawaru.
             Slain by a komodo dragon (34 damage)
             ... on level 3 of the Lair of Beasts.
             The game lasted 01:06:17 (26954 turns).

BritishOli the Carver (Demonspawn Gladiator)       Turns: 26954, Time: 01:06:18

Health: -3/125     AC: 19    Str: 27    XL:     14   Next: 45%
Magic:  15/15      EV: 19    Int:  9    God:    Okawaru [*****.]
Gold:   1065       SH:  0    Dex: 14    Spells: 13/13 levels left

rFire    + . .     SeeInvis .   I - +4 scimitar (flame)
rCold    + + +     Faith    .   (no shield)
rNeg     . . .     Spirit   .   R - +2 chain mail {rC+}
rPois    .         Reflect  .   c - +0 helmet
rElec    .         Harm     .   j - scarf {rC+ rF+}
rCorr    .                      i - +0 pair of gloves
MR       +....                  r - +1 pair of boots {run}
Stlth    ..........             Y - amulet of regeneration
HPRegen  1.70/turn              O - ring of protection from cold
MPRegen  0.14/turn              U - +6 ring of strength

@: repel missiles, quick
A: repulsion field 3, high mp 1, powered by death 2, powered by pain 1, robust 1
a: Heroism, Finesse, Renounce Religion


You were on level 3 of the Lair of Beasts.
You worshipped Okawaru.
Okawaru was extremely pleased with you.
You were not hungry.

You visited 2 branches of the dungeon, and saw 17 of its levels.
You also visited: Ossuary, Gauntlet and Ice Cave.

You collected 1065 gold pieces.

Inventory:

Hand Weapons
 b - the +8 whip "Snakebite" {curare, rPois}
   (You found it on level 6 of the Lair of Beasts)

   It poisons the flesh of those it strikes.
   It protects you from poison.
 I - a +4 scimitar of flaming (weapon)
 K - the +8 bardiche "Trog's Hatred" {protect, +Rage rF++, unknown}
   (Okawaru gifted it to you on level 9 of the Dungeon)

   It grants its wielder temporary protection when it strikes (+7 to AC).
   It greatly protects you from fire.
   It lets you go berserk.
Missiles
 d - 3 throwing nets
 v - 12 javelins (quivered)
Armour
 c - a +0 helmet (worn)
 g - the -4 helmet of the Boiling Point {-Tele rN++ Str+4 Int+4}
   (Okawaru gifted it to you on level 4 of the Lair of Beasts)

   It affects your strength (+4).
   It affects your intelligence (+4).
   It greatly protects you from negative energy.
   It prevents most forms of teleportation.
 i - a +0 pair of gloves (worn)
 j - a scarf of resistance (worn)
 r - a +1 pair of boots of running (worn)
 s - a +2 pair of boots of flying
 P - the cursed +0 robe "Lunaqakh" {+Blink rF- Int+2 Stlth+, unknown}
   (You found it on level 9 of the Dungeon)

   It affects your intelligence (+2).
   It makes you vulnerable to fire.
   It lets you blink.
   It makes you more stealthy.
   It has a curse placed upon it.
 R - a +2 chain mail of cold resistance (worn)
Jewellery
 y - an uncursed amulet of faith {unknown}
 C - an uncursed ring of positive energy
 L - an uncursed ring of protection from fire
 M - a +6 ring of intelligence
 O - a ring of protection from cold (left hand)
 Q - an uncursed ring of protection from fire
 U - a +6 ring of strength (right hand)
 Y - an amulet of regeneration (around neck)
Wands
 e - a wand of disintegration (24)
 o - a wand of acid (6)
 N - a wand of clouds (9)
 X - a wand of digging (5)
Scrolls
 n - 2 scrolls of teleportation
 p - 4 scrolls of amnesia
 q - 3 scrolls of fog
 t - 4 scrolls of enchant armour
 u - 7 scrolls of remove curse
 w - 2 scrolls of enchant weapon
 x - 4 scrolls of brand weapon
 E - 4 scrolls of blinking
 F - 2 scrolls of fear
 Z - 3 scrolls of identify
Potions
 h - 6 potions of brilliance
 k - 6 potions of haste
 l - 3 potions of mutation
 m - 3 potions of magic
 z - 2 potions of ambrosia
 A - a potion of resistance
 B - 2 potions of cancellation
 D - 3 potions of curing
 J - 6 potions of flight
 T - a potion of might
 V - a potion of heal wounds
 W - a potion of invisibility
Miscellaneous
 a - a phial of floods (inert)
 G - a phantom mirror
Comestibles
 f - 10 rations


   Skills:
 + Level 11.6 Fighting
 * Level 14.6 Long Blades
 - Level 3.2 Throwing
 + Level 10.7 Armour
 + Level 10.9 Dodging


You had 13 spell levels left.
You didn't know any spells.
Your spell library contained the following spells:

 Spells                   Type           Power        Failure   Level
 Corona                   Hex            #......      87%         1
 Freeze                   Ice            #...         87%         1
 Magic Dart               Conj           #...         87%         1
 Shock                    Conj/Air       #...         87%         1
 Ensorcelled Hibernation  Hex/Ice        #.....       95%         2
 Passwall                 Tmut/Erth      #.......     95%         2
 Searing Ray              Conj           #.....       95%         2
 Swiftness                Chrm/Air       #.......     95%         2
 Confusing Touch          Hex            #.......     99%         3
 Dazzling Flash           Conj/Hex       #.....       99%         3
 Frozen Ramparts          Ice            #.....       99%         3
 Ozocubu's Armour         Chrm/Ice       #.......     99%         3
 Static Discharge         Conj/Air       #.......     99%         3
 Tukima's Dance           Hex            #.......     99%         3
 Airstrike                Air            #.........   100%        4
 Fulminant Prism          Conj/Hex       #.........   100%        4
 Hailstorm                Conj/Ice       #.......     100%        4
 Iskenderun's Mystic Bla  Conj/Tloc      #.......     100%        4
 Passage of Golubria      Tloc           N/A          100%        4
 Summon Ice Beast         Ice/Summ       #.......     100%        4
 Lee's Rapid Deconstruct  Erth           #.........   100%        5
 Lightning Bolt           Conj/Air       #.........   100%        5
 Darkness                 Hex            #.........   100%        6
 Invisibility             Hex            #.......     100%        6


Dungeon Overview and Level Annotations

Branches:
Dungeon (11/15)            Temple (0/1) D:4            Lair (6/6) D:9
  Swamp (0/4) Lair:4       Spider (0/4) Lair:3        Slime (0/5) Lair:6
    Orc (0/2) D:11        Ossuary (visited)           IceCv (visited)
Gauntlet (visited)

Altars:
Ashenzari
Dithmenos
Kikubaaqudgha
Makhleb
Nemelex Xobeh
Okawaru
Sif Muna
Uskayaw
Vehumet
Xom
Yredelemnul
Zin
The Shining One

Shops:
D:6 =

Annotations:
D:9 2 runed translucent doors, dricus's ghost, journeyman KoBe
Lair:3 1 transporter, Kroet's ghost, journeyman DEIE


Innate Abilities, Weirdness & Mutations

You are surrounded by a strong repulsion field. (EV +4, RMsl)
You regenerate health from kills.
You sometimes gain a little power by taking damage.
You have an increased reservoir of magic. (+10% MP)
You are robust. (+10% HP)


Message History

You closely miss the komodo dragon.
The komodo dragon is moderately wounded.
Kroet's ghost hits you but does no damage.
The komodo dragon barely misses you.
You hit the komodo dragon. You burn the komodo dragon.
The komodo dragon is heavily wounded.
The komodo dragon bites you!!!
* * * LOW HITPOINT WARNING * * *
Kroet's ghost points at you and mumbles some strange words.
You are frozen.
* * * LOW HITPOINT WARNING * * *
You feel better. The komodo dragon closely misses you.
You riposte.
You barely miss the komodo dragon.
The komodo dragon is heavily wounded.
Kroet's ghost gestures at you while chanting.
You are frozen.
Evoke which item? (* to show all) (? for menu, Esc to quit)
Okay, then.
The komodo dragon bites you!!
You die...

......# ######..####............#
.....####...##...###...........^.
.......#....................P....
..........####.©.####.......≈≈≈..
.........##..##### .###....P≈≈≈..
.....##..#....("!$.#..##...#≈≈≈..
...<.#..##.##..[###....#....#.#..
......#.#.....#.....#.##...##.#..
.....##.#..##..©@.#...#.........#
........#......#l†##..#.....##.#.
........##...#...#W...#..........
.........#....#......##..........
.........#####..###©##......##...
.............####©###..P...P.##..
.........#............#.......§..
.......###........##.##.......≈§≈
........##........#####.......§§≈


You could see a komodo dragon (berserk) and Kroet's ghost.

Vanquished Creatures
  Rupert (Lair:6)
  Kirke (Lair:6)
  A minotaur (Gauntlet)
  6 dire elephants
  6 hydras
  An anaconda (Lair:6)
  Erica (D:8)
  5 death yaks (Lair:5)
  A soul eater (Gauntlet)
  Sonja (Lair:4)
  An unseen horror (D:10)
  A necromancer (IceCv)
  A manticore (D:11)
  A moth of wrath (Lair:3)
  7 elephants
  2 ice statues (IceCv)
  A black mamba (Lair:6)
  A torpor snail (Lair:5)
  5 cane toads
  8 ice devils
  A rime drake (D:9)
  4 komodo dragons
  4 kobold demonologists (D:11)
  A polar bear (Lair:6)
  A troll (D:10)
  2 jumping spiders (Lair:3)
  9 hippogriffs
  A tyrant leech (Lair:4)
  4 slime creatures (Lair:6)
  A hornet (D:11)
  8 blink frogs
  4 dream sheep (Lair:4)
  5 redbacks (Lair:3)
  Sigmund (D:5)
  3 wyverns
  Eustachio (D:3)
  48 yaks
  5 hogs
  A basilisk (Lair:3)
  A human (D:7)
  2 swamp worms (Lair:4)
  18 water moccasins
  10 porcupines
  A phantom (D:11)
  An eye of draining (D:10)
  A black bear (D:6)
  A necrophage (D:9)
  6 ogres
  2 orc warriors
  5 sky beasts
  2 ice beasts
  5 wolves
  8 centaurs
  7 crocodiles
  5 big kobolds
  A wyvern zombie (D:8)
  11 bullfrogs
  A gnoll sergeant (D:5)
  3 wyvern skeletons
  3 scorpions
  19 killer bees
  11 wights
  An electric eel (Lair:3)
  A howler monkey (D:8)
  5 bullfrog zombies (Ossuary)
  2 draconian simulacra (IceCv)
  4 centaur zombies
  5 hounds
  2 jellies
  A bullfrog skeleton (D:10)
  7 orc priests
  A gnoll shaman (D:3)
  Terence (D:2)
  2 centaur skeletons
  4 iguanas
  8 orc wizards
  6 hell rats (Lair:6)
  11 worker ants
  5 troll simulacra (IceCv)
  A spriggan simulacrum (IceCv)
  6 hound zombies
  12 mummies (Ossuary)
  A howler monkey zombie (Ossuary)
  6 worker ant zombies
  11 adders
  12 gnolls
  A naga simulacrum (IceCv)
  An ogre simulacrum (IceCv)
  3 shadow imps (Gauntlet)
  6 white imps
  6 ufetubi
  An ooze (D:2)
  4 adder zombies (Ossuary)
  2 adder skeletons
  2 worms
  A dart slug (D:4)
  3 leopard geckos
  35 orcs
  4 giant cockroaches
  8 goblins
  9 hobgoblins
  20 jackals
  6 quokkas
  A ball python (D:4)
  21 bats
  7 frilled lizards
  16 kobolds
  2 leopard gecko zombies (Ossuary)
  9 rats
  4 plants
567 creatures vanquished.

Vanquished Creatures (others)
  5 humans (Lair:6)
  A sky beast (D:10)
  11 fungi
  7 plants
  2 withered plants (Ossuary)
26 creatures vanquished.

Grand Total: 593 creatures vanquished

Notes
Turn   | Place    | Note
-------+----------+-------------------------------------------
     0 | D:1      | BritishOli the Demonspawn Gladiator began the quest for the
                  | Orb.
     0 | D:1      | Reached XP level 1. HP: 16/16 MP: 1/1
   175 | D:1      | Gained mutation: You regenerate a little health from kills.
                  | [demonic ancestry]
   175 | D:1      | Reached XP level 2. HP: 22/22 MP: 2/2
   201 | D:1      | You fall into a shaft and drop 1 floor!
   815 | D:1      | Reached XP level 3. HP: 27/28 MP: 3/3
   912 | D:2      | Reached skill level 3 in Long Blades
   912 | D:2      | Reached skill level 1 in Armour
   927 | D:2      | Noticed Terence
   942 | D:2      | Killed Terence
   942 | D:2      | Gained mutation: You are surrounded by a mild repulsion
                  | field. (EV +2) [demonic ancestry]
   942 | D:2      | Reached XP level 4. HP: 29/34 MP: 4/4
  1055 | D:2      | Reached XP level 5. HP: 30/40 MP: 5/5
  1368 | D:2      | Found a burning altar of Makhleb.
  1853 | D:3      | Found a faded altar of an unknown god.
  2045 | D:3      | Found a shimmering altar of Xom.
  2057 | D:3      | Found a shimmering altar of Xom.
  2058 | D:3      | Found a shimmering altar of Xom.
  2059 | D:3      | Found a shimmering altar of Xom.
  2059 | D:3      | Found a shimmering altar of Xom.
  2546 | D:3      | Reached skill level 4 in Long Blades
  2718 | D:3      | Found an iron altar of Okawaru.
  2854 | D:3      | Became a worshipper of Warmaster Okawaru
  3039 | D:4      | Reached XP level 6. HP: 40/47 MP: 6/6
  3129 | D:4      | Found a staircase to the Ecumenical Temple.
  4123 | D:4      | Reached * piety under Okawaru
  4123 | D:4      | Gained mutation: You are surrounded by a moderate repulsion
                  | field. (EV +3) [demonic ancestry]
  4123 | D:4      | Reached XP level 7. HP: 5/52 MP: 7/7
  4459 | D:4      | Noticed Eustachio
  4783 | D:3      | Killed Eustachio
  4783 | D:3      | Reached skill level 5 in Long Blades
  5083 | D:5      | Entered Level 5 of the Dungeon
  5195 | D:5      | Reached ** piety under Okawaru
  5227 | D:5      | Gained mutation: You sometimes gain a little power by
                  | taking damage. [demonic ancestry]
  5227 | D:5      | Reached XP level 8. HP: 55/60 MP: 8/8
  6364 | D:5      | Reached skill level 6 in Long Blades
  6551 | D:5      | Noticed Sigmund
  6730 | D:4      | Reached skill level 5 in Dodging
  6964 | D:5      | Killed Sigmund
  6964 | D:5      | Reached skill level 5 in Fighting
  7388 | D:6      | Reached skill level 7 in Long Blades
  7547 | D:6      | Reached XP level 9. HP: 68/68 MP: 9/9
  7962 | D:6      | Reached *** piety under Okawaru
  8026 | D:6      | Found Tybroir's Jewellery Boutique.
  8264 | D:7      | HP: 3/69 [killer bee (4)]
  8273 | D:6      | Gained mutation: You are robust. (+10% HP) [potion of
                  | mutation]
  8273 | D:6      | Gained mutation: You have an increased reservoir of magic.
                  | (+10% MP) [potion of mutation]
  8290 | D:6      | Reached skill level 5 in Armour
  9121 | D:6      | Reached skill level 8 in Long Blades
  9607 | D:7      | Found a hide-covered altar of Uskayaw.
  9607 | D:7      | Found a shimmering blue altar of Sif Muna.
  9608 | D:7      | Found a glowing silver altar of Zin.
  9727 | D:7      | Found an ancient bone altar of Kikubaaqudgha.
  9757 | D:7      | Found a shadowy altar of Dithmenos.
 10110 | D:7      | Reached **** piety under Okawaru
 10122 | D:7      | Reached XP level 10. HP: 60/84 MP: 11/11
 10708 | D:7      | HP: 2/84 [wyvern (12)]
 11002 | D:8      | Found a shadowy altar of Dithmenos.
 11005 | D:8      | Found a radiant altar of Vehumet.
 11035 | D:8      | Found a sand-covered staircase.
 11040 | Ossuary  | Entered an ossuary
 11087 | Ossuary  | Reached skill level 9 in Long Blades
 11183 | Ossuary  | Reached ***** piety under Okawaru
 11592 | D:8      | Received a gift from Okawaru
 11998 | D:8      | Noticed Erica
 12007 | D:8      | Found a basalt altar of Yredelemnul.
 12623 | D:8      | HP: 3/86 [Erica/lance of force (21)]
 12632 | D:8      | Killed Erica
 13296 | D:9      | Found a staircase to the Lair.
 13451 | D:9      | Got a twisted robe
 13504 | D:9      | Found a shattered altar of Ashenzari.
 13785 | D:9      | Found a runed translucent door.
 13787 | D:9      | Noticed a sixfirhy
 13822 | D:9      | Reached skill level 10 in Long Blades
 13898 | D:9      | Noticed dricus's ghost (journeyman KoBe)
 13905 | D:9      | Found a runed translucent door.
 13928 | D:9      | Gained mutation: You are surrounded by a strong repulsion
                  | field. (EV +4, RMsl) [demonic ancestry]
 13928 | D:9      | Reached XP level 11. HP: 72/94 MP: 12/12
 14155 | D:10     | Entered Level 10 of the Dungeon
 14425 | D:10     | Found a glowing golden altar of the Shining One.
 15143 | D:10     | Killed an unseen horror
 15726 | D:11     | Found a staircase to the Orcish Mines.
 15835 | D:11     | Noticed a soul eater
 15842 | D:11     | Paralysed by a hornet for 1 turns
 15846 | D:11     | Paralysed by a hornet for 1 turns
 16178 | D:11     | Noticed a soul eater
 16187 | D:11     | Received a gift from Okawaru
 16627 | Lair:1   | Entered Level 1 of the Lair of Beasts
 16669 | D:9      | Reached skill level 11 in Long Blades
 17060 | D:9      | Received a gift from Okawaru
 18232 | Lair:2   | Gained mutation: You regenerate health from kills. [demonic
                  | ancestry]
 18232 | Lair:2   | Reached XP level 12. HP: 69/104 MP: 13/13
 18644 | Lair:2   | Found a sparkling altar of Nemelex Xobeh.
 18988 | Lair:3   | Received a gift from Okawaru
 19256 | Lair:3   | Received a gift from Okawaru
 19302 | Lair:3   | Found a hole to the Spider Nest.
 19441 | Lair:3   | Reached skill level 12 in Long Blades
 19464 | Lair:3   | Noticed Kroet's ghost (journeyman DEIE)
 19475 | Lair:3   | Found a transporter.
 19490 | Lair:3   | Found a transporter.
 19998 | Lair:4   | Noticed a seven-headed hydra
 20004 | Lair:4   | Noticed Sonja
 20013 | Lair:4   | Found a frozen archway.
 20018 | IceCv    | Entered an ice cave
 20878 | Lair:4   | Reached skill level 10 in Fighting
 20918 | Lair:4   | Killed Sonja
 21053 | Lair:4   | Killed a three-headed hydra
 21079 | Lair:4   | Received a gift from Okawaru
 21089 | Lair:4   | Got a jewelled helmet {god gift}
 21100 | Lair:4   | Identified the -4 helmet of the Boiling Point {-Tele rN++
                  | Str+4 Int+4} (Okawaru gifted it to you on level 4 of the
                  | Lair of Beasts)
 21279 | Lair:4   | Noticed a four-headed hydra
 21287 | Lair:4   | Killed a one-headed hydra
 21287 | Lair:4   | Reached XP level 13. HP: 102/113 MP: 14/14
 21605 | Lair:4   | Reached skill level 13 in Long Blades
 21700 | Lair:4   | Found a staircase to the Swamp.
 21897 | D:9      | Got a smoking bardiche {god gift}
 22158 | Lair:4   | Reached ****** piety under Okawaru
 22450 | Lair:5   | You are sucked into a shaft and drop 1 floor!
 22450 | Lair:6   | Entered Level 6 of the Lair of Beasts
 22489 | Lair:6   | Noticed Rupert
 22507 | Lair:5   | Found a gate leading to a gauntlet.
 22516 | Gauntlet | Entered a Gauntlet
 22516 | Gauntlet | Found a transporter.
 22893 | Gauntlet | Found a runed translucent gate.
 22893 | Gauntlet | Found a runed translucent gate.
 22893 | Gauntlet | Found a runed translucent gate.
 22897 | Gauntlet | Found a transporter.
 22900 | Gauntlet | Found a transporter.
 22901 | Gauntlet | Found a transporter.
 22909 | Gauntlet | Found a transporter.
 22912 | Gauntlet | Found a transporter.
 22913 | Gauntlet | Found a transporter.
 22919 | Gauntlet | Noticed a death ooze
 22922 | Gauntlet | Found a transporter.
 22924 | Gauntlet | Found a transporter.
 22925 | Gauntlet | Found a transporter.
 22933 | Gauntlet | Found a transporter.
 22936 | Gauntlet | Found a transporter.
 22937 | Gauntlet | Found a transporter.
 22945 | Gauntlet | Found a transporter.
 23336 | Gauntlet | Noticed a minotaur
 23356 | Gauntlet | Killed a minotaur
 23356 | Gauntlet | Reached skill level 10 in Dodging
 23820 | Lair:5   | Received a gift from Okawaru
 23834 | Lair:5   | Identified a +1 pair of boots of running (Okawaru gifted it
                  | to you on level 5 of the Lair of Beasts)
 23995 | Lair:5   | Reached skill level 10 in Armour
 24769 | Lair:6   | Killed Rupert
 24769 | Lair:6   | Reached skill level 14 in Long Blades
 24781 | Lair:6   | Reached XP level 14. HP: 94/124 MP: 15/15
 24875 | Lair:6   | Found a staircase to the Slime Pits.
 25517 | Lair:6   | Found the +8 whip "Snakebite" {curare, rPois}
 25607 | Lair:6   | Received a gift from Okawaru
 25835 | Lair:6   | Noticed Kirke
 25854 | Lair:6   | Killed Kirke
 25914 | Lair:6   | Received a gift from Okawaru
 26954 | Lair:3   | Slain by a komodo dragon

Illustrated notes

Levels and vault maps discovered:
D:1:      denvon_arrival_waterhouse, layout_basic, kennysheep_doodads,
          st_stairs_5
D:2:      layout_loops_ring, lemuel_crystal_altar, uniq_terence
D:3:      layout_loops_ring, marbit_many_paths, chequers_ecumenical_altar_lobes,
          xom_redecorated
D:4:      layout_gridville, minmay_temple_entry_fiery, uniq_eustachio
D:5:      layout_loops_ring, first_ration, uniq_sigmund
D:6:      layout_basic, minmay_shop_enchanted_jewellery,
          minmay_misc_feat_more_columns
D:7:      layout_cave_pods, nicolae_overflow_quartered_altars,
          grunt_decor_clamped, grunt_livestock,
          grunt_dithmenos_smoke_and_mirrors
D:8:      layout_cave_pods, minitemple, yredelemnul_altar_generic,
          enter_ossuary_1, chequers_serial_rivers_room_b, dk_noncrumbling_3,
          uniq_erica
D:9:      cheibrodos_shockbox, layout_rooms, cheibrodos_ashenzari_chains,
          lair_entry_dummy, hellmonk_ghost_happy_afterlife
D:10:     layout_basic, tso_altar
D:11:     layout_rooms
Lair:1:   layout_long_grid, minmay_stone_trees_small
Lair:2:   layout_gridlike, serial_bayou_pond_a, roderic_batcave,
          lemuel_centaur_altar
Lair:3:   layout_gridlike, nicolae_spider_entry_tight_spaces,
          gammafunk_ghost_berserking_beasts, grunt_megastairs_3,
          infiniplex_staircase_pool
Lair:4:   layout_roguey, palyth_hydra_swamp_entry,
          portal_ice_cave_demonic_guard, uniq_sonja
Lair:5:   layout_misc_corridors, gauntlet_entry_generic
Lair:6:   due_jungle_book, layout_loops_ring, minmay_slime_entry_pillars,
          uniq_rupert, uniq_kirke

Skill      XL: |  1  2  3  4  5  6  7  8  9 10 11 12 13 |
---------------+----------------------------------------+-----
Throwing       | 2 3 |  3.2
Long Blades    | 3 4 5 7 8 10 11 12 14 | 14.6
Armour         | 1 2 3 4 5 6 8 9 10 | 10.7
Dodging        | 3 4 5 6 7 8 9 10 | 10.9
Fighting       | 3 4 5 6 7 9 10 11 | 11.6

Action                   |  1- 3 |  4- 6 |  7- 9 | 10-12 | 13-15 || total
-------------------------+-------+-------+-------+-------+-------++-------
Melee: Long sword        |    91 |   207 |   253 |       |       ||   551
       Great sword       |       |       |   180 |   282 |       ||   462
       Scimitar          |       |       |       |   680 |   572 ||  1252
       Punch             |       |       |       |       |     4 ||     4
       Unarmed           |       |       |       |       |    10 ||    10
Throw: Javelin           |       |     2 |     3 |       |     7 ||    12
Invok: Heroism           |       |       |     1 |     2 |    10 ||    13
       Finesse           |       |       |       |       |     1 ||     1
Evoke: Wand              |       |       |       |     7 |     3 ||    10
       Phial of floods   |       |       |       |       |     1 ||     1
  Use: Scroll            |       |       |     9 |    21 |    10 ||    40
       Potion            |       |       |     9 |     5 |     1 ||    15
 Stab: Sleeping          |       |     1 |       |       |       ||     1
  Eat: Ration            |       |     3 |     6 |     9 |     5 ||    23
Armor: Leather armour    |    31 |    52 |       |       |       ||    83
       Scale mail        |       |     1 |   204 |       |       ||   205
       Plate armour      |       |       |    19 |   558 |    34 ||   611
       Skin              |       |       |     3 |       |       ||     3
       Chain mail        |       |       |       |       |   174 ||   174
Dodge: Dodged            |    71 |   202 |   512 |   701 |   404 ||  1890
       Repelled          |       |       |       |    22 |       ||    22
       Rpst.: Long sword |    26 |    71 |    59 |       |       ||   156
       Great sword       |       |       |    78 |    73 |       ||   151
       Scimitar          |       |       |       |   118 |    97 ||   215

Table legend:
 A = Non-vault XP
 B = Vault XP
 C = Vault XP percentage of total XP
 D = Non-vault monster count
 E = Vault monster count
 F = Vault count percentage of total count
                 A         B        C        D         E       F
            +---------+---------+-------+---------+---------+-------
      Total |   55418 |   26568 |  32.4 |     441 |     123 |  21.8
            +---------+---------+-------+---------+---------+-------
        D:1 |      35 |       3 |   7.9 |      24 |       2 |   7.7
        D:2 |     225 |      36 |  13.8 |      31 |       1 |   3.1
        D:3 |     218 |     210 |  49.1 |      34 |       2 |   5.6
        D:4 |     826 |       0 |   0.0 |      24 |       0 |   0.0
        D:5 |     777 |     220 |  22.1 |      20 |       1 |   4.8
        D:6 |    1574 |       0 |   0.0 |      33 |       0 |   0.0
        D:7 |    1358 |    1003 |  42.5 |      23 |       5 |  17.9
        D:8 |    1041 |     934 |  47.3 |      32 |       1 |   3.0
        D:9 |    4105 |       0 |   0.0 |      44 |       0 |   0.0
       D:10 |    2351 |       0 |   0.0 |      29 |       0 |   0.0
       D:11 |    3070 |       0 |   0.0 |      15 |       0 |   0.0
     Lair:1 |    2084 |       0 |   0.0 |      13 |       0 |   0.0
     Lair:2 |    2100 |     575 |  21.5 |      11 |      15 |  57.7
     Lair:3 |    3168 |    3719 |  54.0 |      17 |      16 |  48.5
     Lair:4 |    6438 |    4159 |  39.2 |      22 |       9 |  29.0
     Lair:5 |   13178 |       0 |   0.0 |      33 |       0 |   0.0
     Lair:6 |   12870 |    8843 |  40.7 |      36 |      10 |  21.7
    Ossuary |       0 |     893 | 100.0 |       0 |      37 | 100.0
      IceCv |       0 |    3891 | 100.0 |       0 |      19 | 100.0
   Gauntlet |       0 |    2082 | 100.0 |       0 |       5 | 100.0
            +---------+---------+-------+---------+---------+-------
